Map: Persephone LE

Players

ByuN

  • Race: Terran Terran
  • Spawn Location: 11:00

Astrea - Winner!

  • Race: Protoss Protoss
  • Spawn Location: 7:00

Event: Esports World Cup 2025

VOD

Have the link to the VOD?

Description

Time

  • Played on: July 22, 2025, 5:18 a.m.
  • Length: 18:58

All games in this series

Show
View Real Time Build Order
Export as new Build Order

ByuN Terran 

Build Orders: Adept Opening, Gas First Reaper Expand 

Get SALT Encoding   

  12  0:00  SCV  
  13  0:12  SCV  
  14  0:17  Supply Depot  
  14  0:24  SCV  
  14  0:27  Refinery  
  15  0:38  SCV  
  16  0:43  Barracks  
  16  0:50  SCV  
  17  1:02  SCV  
  18  1:15  SCV  
  19  1:30  Orbital Command, Reaper  
  20  1:43  Command Center  
  20  1:53  Factory  
  20  1:56  SCV  
  20  2:00  Refinery  
  21  2:05  Barracks Reactor  
  21  2:08  SCV  
  22  2:12  Supply Depot  
  22  2:20  SCV  
  23  2:34  SCV  
  23  2:36  Factory Tech Lab  
  24  2:40  Starport  
  24  2:42  Marine x2  
  26  2:46  SCV  
  27  2:57  Orbital Command  
  27  2:58  SCV  
  27  3:00  Marine x2  
  30  3:06  Cyclone  
  30  3:10  SCV  
  34  3:14  Orbital Command  
  33  3:20  Marine x2  
  33  3:23  SCV  
  33  3:25  Medivac  
  38  3:31  Supply Depot  
  38  3:35  SCV  
  38  3:38  Marine  
  40  3:42  SCV  
  40  3:47  SCV  
  42  3:49  Factory Tech Lab  
  42  3:52  Barracks  
  42  3:54  SCV  
  44  3:58  Marine x2  
  44  4:00  SCV  
  44  4:02  Supply Depot  
  46  4:05  Raven  
  46  4:06  SCV  
  49  4:12  Siege Tank, SCV  
  53  4:18  SCV  
  53  4:24  SCV  
  53  4:27  Marine x2  
  53  4:30  SCV  
  54  4:36  SCV  
  54  4:40  Supply Depot  
  54  4:42  Refinery  
  54  4:45  Marine x2, SCV  
  57  4:46  Barracks  
  57  4:48  SCV, Siege Tank  
  61  4:53  Engineering Bay  
  61  4:54  Marine  
  62  5:01  Stimpack  
  62  5:02  Supply Depot, SCV x2  
  64  5:07  Marine x2  
  64  5:10  Refinery  
  66  5:14  Starport Reactor  
  66  5:16  Marine  
  66  5:17  SCV x2  
  69  5:28  Factory Reactor  
  69  5:29  SCV x2  
  69  5:30  Marine x2  
  69  5:33  Marine, Terran Infantry Weapons Level 1  
  74  5:36  Supply Depot  
  74  5:37  Supply Depot  
  74  5:41  SCV x2  
  75  5:51  Marauder  
  75  5:52  Marauder  
  75  5:54  SCV  
  75  5:55  Command Center  
  75  5:57  Marine  
  78  5:58  Marine, SCV  
  78  6:06  Medivac  
  78  6:07  Combat Shield, Medivac  
  81  6:13  Marauder x2  
  81  6:17  Marine x2  
  86  6:22  Barracks  
  86  6:23  Barracks  
  86  6:24  Widow Mine x2  
  90  6:27  SCV x2  
  92  6:33  Supply Depot  
  92  6:36  Marine x2  
  94  6:41  Concussive Shells  
  94  6:45  Supply Depot  
  94  6:48  Marauder x2, SCV x2, Widow Mine  
  101  6:55  Widow Mine  
  101  6:58  Marine x2  
  101  7:00  SCV  
  105  7:04  Medivac  
  104  7:10  Marauder x2, Widow Mine  
  104  7:11  Barracks Tech Lab, Barracks Reactor  
  104  7:13  SCV x2  
  104  7:14  Orbital Command  
  111  7:16  Widow Mine  
  113  7:24  Marine x2  
  113  7:25  SCV x2  
  113  7:31  Marauder x2, Widow Mine  
  110  7:37  SCV x2, Widow Mine  
  110  7:40  Marauder  
  109  7:44  Terran Infantry Armor Level 1  
  109  7:49  SCV x2  
  104  7:51  Viking  
  104  7:52  Marauder, Marine x3  
  111  7:58  SCV  
  111  8:01  SCV x2  
  111  8:03  Marauder x2  
  118  8:07  Armory  
  118  8:08  Engineering Bay  
  118  8:14  Marauder, Marine x2  
  118  8:16  Marine  
  118  8:18  Marine  
  118  8:19  SCV x2  
  127  8:20  SCV  
  127  8:22  Supply Depot  
  127  8:24  Marauder x2  
  72  8:27  Medivac  
  133  8:34  Refinery, Supply Depot  
  133  8:35  Refinery  
  133  8:36  Supply Depot  
  133  8:44  Marauder, Supply Depot, SCV x2, Medivac  
  133  8:47  Marauder  
  141  8:52  Marauder, Supply Depot, Marine x4  
  147  8:57  Viking  
  147  8:58  Terran Infantry Weapons Level 2  
  149  9:04  Terran Ship Weapons Level 1  
  149  9:06  Marauder  
  149  9:07  Starport  
  149  9:09  Marine  
  151  9:14  Viking  
  151  9:15  Barracks  
  154  9:17  Barracks  
  154  9:18  Barracks  
  154  9:21  Marauder x2  
  158  9:26  Marine x3  
  158  9:27  Marauder, Marine  
  158  9:30  Viking  
  164  9:41  SCV x2  
  164  9:43  SCV  
  166  9:53  Ghost Academy  
  166  9:54  Terran Infantry Armor Level 2, Command Center  
  166  10:00  Marauder x3  
  166  10:01  Viking  
  166  10:04  Barracks Reactor  
  166  10:06  Barracks Tech Lab  
  174  10:07  Barracks Tech Lab  
  174  10:21  SCV x2  
  174  10:23  Ghost x3  
  178  10:35  Ghost  
  181  10:39  Ghost  
  181  10:42  Command Center  
  176  10:49  SCV x3  
  174  10:51  Ghost x3  
  177  11:01  SCV x3  
  176  11:10  Ghost x2  
  178  11:13  SCV x3  
  168  11:25  SCV x2  
  168  11:26  Ghost x2, SCV  
  168  11:28  Marauder  
  176  11:37  Medivac x3  
  184  11:40  Marauder  
  184  11:46  Marine x2, Terran Infantry Weapons Level 3  
  186  11:47  Marine x3  
  186  11:50  Marine  
  186  12:01  Marauder x2  
  187  12:03  SCV  
  187  12:04  SCV  
  187  12:05  SCV  
  186  12:16  Marauder x3, Marine x2  
  186  12:22  Marauder x2  
  192  12:34  Marine x2  
  194  12:37  Marauder x3  
  194  12:43  Medivac  
  195  12:44  Marauder x2  
  196  12:51  Marine x2  
  196  12:52  Marine x2  
  196  12:57  Missile Turret  
  189  12:59  Marauder x3  
  189  13:02  SCV x2  
  189  13:04  Marine x2  
  189  13:05  Terran Infantry Armor Level 3  
  175  13:06  Marauder x2  
  175  13:08  Planetary Fortress  
  175  13:09  Marine  
  175  13:12  Medivac x2  
  182  13:19  Sensor Tower  
  182  13:20  Marauder, Terran Ship Weapons Level 2  
  182  13:23  Marine x3  
  182  13:25  Marine  
  188  13:30  Marauder x2  
  192  13:37  Ghost x2  
  192  13:38  Marine  
  194  13:52  Marauder x3  
  194  13:54  Marine x2  
  194  13:55  Marine x2  
  184  14:00  Marine  
  176  14:06  Marauder x2  
  173  14:13  Marauder  
  173  14:14  Marauder x2  
  173  14:15  Medivac x2  
  173  14:16  Marine x3  
  156  14:17  Marine  
  156  14:18  Marine  
  156  14:23  Marine  
  159  14:28  Marauder x2  
  163  14:34  Ghost x3  
  163  14:35  Medivac x2  
  163  14:36  Marine  
  163  14:37  Marine  
  178  14:39  Marine  
  178  14:40  Marine  
  180  14:57  Marauder x2, Marine x4  
  180  14:58  Marine  
  186  15:10  Marauder x2  
  179  15:16  Ghost  
  179  15:17  Ghost x2  
  179  15:19  Marine x2  
  148  15:29  Marine x2  
  148  15:30  Ghost, Marine x2  
  148  15:31  Marauder  
  157  15:37  Marine  
  157  15:39  Marine  
  159  15:43  Viking x3  
  159  15:45  Viking, Orbital Command  
  159  15:46  Marauder  
  159  15:48  Refinery x2  
  169  15:53  Marauder  
  171  16:06  Marauder x2  
  171  16:08  Marine  
  171  16:09  Ghost, Marine x2  
  181  16:13  Viking  
  182  16:21  Viking x2  
  182  16:25  SCV  
  189  16:28  Viking  
  189  16:32  Marauder x2  
  193  16:34  Marauder  
  190  16:40  Marauder  
  190  16:43  Marauder  
  194  16:54  Marauder x2  
  198  17:00  Marauder, Marine x2  
  198  17:01  Marine x4  
  190  17:02  Marauder  
  190  17:04  Marauder  
  185  17:15  Marauder x2  
  157  17:16  Medivac  
  157  17:18  Marine  
  157  17:21  Marauder  
  144  17:23  Marauder  
  144  17:26  Marauder  
  144  17:28  Orbital Command  
  133  17:31  Medivac  
  122  17:40  SCV  
  106  17:51  Orbital Command  
  106  18:17  Medivac  
  78  18:34  Marauder x2, Marine  
Show
View Real Time Build Order
Export as new Build Order

Astrea Protoss - Winner!

Build Orders: 1 Gate Expand, Phoenix Opening, Blink Stalkers 

Get SALT Encoding   

  12  0:00  Probe  
  13  0:12  Probe  
  14  0:17  Pylon  
  14  0:23  Probe  
  15  0:31  Probe  
  16  0:36  Gateway  
  16  0:39  Probe  
  16  0:45  Assimilator  
  17  0:51  Probe  
  18  1:03  Probe  
  19  1:15  Probe  
  20  1:23  Cybernetics Core, Zealot  
  22  1:36  Nexus  
  22  1:42  Pylon  
  22  1:48  Stalker  
  22  1:51  Probe, Assimilator  
  25  2:06  Probe  
  25  2:07  Warp Gate  
  26  2:15  Stalker  
  26  2:18  Probe  
  29  2:26  Probe  
  29  2:34  Probe  
  29  2:36  Twilight Council  
  31  2:47  Probe  
  31  2:50  Probe  
  33  2:56  Blink  
  33  2:59  Probe, Stalker  
  33  3:02  Probe  
  37  3:11  Probe  
  38  3:14  Probe  
  37  3:23  Probe  
  37  3:26  Probe  
  39  3:27  Gateway  
  39  3:32  Phoenix, Sentry  
  41  3:35  Probe  
  41  3:36  Pylon  
  41  3:38  Probe  
  43  3:47  Probe  
  44  3:50  Probe  
  45  3:59  Probe  
  45  4:02  Pylon  
  46  4:03  Probe, Stalker  
  46  4:05  Nexus  
  49  4:11  Probe  
  49  4:15  Probe  
  51  4:17  Pylon  
  51  4:18  Assimilator  
  51  4:24  Probe  
  50  4:25  Stalker  
  50  4:27  Stalker  
  50  4:31  Probe  
  50  4:36  Phoenix, Probe  
  52  4:43  Probe  
  52  4:44  Assimilator  
  53  4:48  Probe  
  53  4:51  Robotics Facility  
  54  4:55  Probe, Sentry  
  54  4:59  Shield Battery  
  57  5:00  Probe  
  58  5:07  Probe  
  58  5:08  Stalker  
  58  5:12  Probe  
  62  5:19  Probe x2  
  64  5:24  Probe, Stalker  
  64  5:28  Gateway x2  
  67  5:31  Probe  
  67  5:33  Immortal  
  68  5:38  Probe  
  68  5:42  Probe  
  72  5:43  Stalker  
  72  5:46  Robotics Bay  
  74  5:57  Shield Battery  
  74  6:01  Probe  
  75  6:06  Probe x2  
  75  6:07  Stalker x2  
  75  6:11  Charge  
  78  6:14  Probe  
  78  6:17  Pylon  
  78  6:18  Colossus, Probe  
  77  6:20  Pylon  
  77  6:21  Probe  
  78  6:26  Probe  
  78  6:27  Forge  
  78  6:30  Probe  
  80  6:33  Probe  
  80  6:38  Probe  
  88  6:43  Probe  
  88  6:46  Probe  
  90  6:49  Pylon  
  90  6:50  Probe  
  91  6:55  Pylon  
  91  6:56  Colossus  
  91  7:00  Zealot x4  
  99  7:06  Probe x3  
  106  7:18  Probe  
  106  7:21  Stalker x3  
  106  7:22  Stalker  
  111  7:24  Probe  
  111  7:29  Probe  
  106  7:30  Protoss Ground Weapons Level 1  
  106  7:35  Probe  
  106  7:36  Probe  
  105  7:41  Probe  
  102  7:47  Probe  
  102  7:49  Extended Thermal Lance  
  97  7:52  Observer  
  97  7:58  Probe  
  98  7:59  Probe  
  98  8:03  Probe  
  98  8:04  Dark Shrine  
  99  8:06  Sentry  
  99  8:07  Gateway, Zealot x3  
  99  8:08  Gateway  
  99  8:10  Probe  
  99  8:11  Observer  
  109  8:13  Pylon  
  109  8:29  Pylon  
  109  8:31  Zealot  
  109  8:32  Zealot x3  
  109  8:34  Observer  
  115  8:35  Probe  
  115  8:40  Pylon, Nexus  
  117  8:45  Assimilator  
  117  8:47  Probe x2  
  119  8:48  Templar Archives  
  119  8:49  Assimilator  
  119  8:50  Probe  
  119  8:54  Pylon, Disruptor  
  124  8:59  Probe, Zealot x4  
  124  9:01  Pylon  
  133  9:08  Protoss Ground Weapons Level 2  
  133  9:13  Probe x3  
  134  9:17  Pylon  
  134  9:21  Shield Battery  
  131  9:28  High Templar x4  
  131  9:29  Zealot x2  
  143  9:32  Psionic Storm  
  143  9:33  Archon  
  143  9:34  Observer, Archon  
  143  9:39  Observer  
  143  9:44  Probe x3  
  140  9:53  Zealot x2  
  140  9:56  Probe  
  140  9:59  Probe x3  
  148  10:00  Observer  
  148  10:04  High Templar x2  
  148  10:05  Photon Cannon  
  148  10:06  Shield Battery  
  149  10:08  Probe  
  149  10:13  Probe x2  
  152  10:14  Zealot x4  
  160  10:21  Probe  
  160  10:24  Probe  
  158  10:28  Probe x2  
  158  10:34  Photon Cannon  
  158  10:35  Photon Cannon  
  160  10:36  Photon Cannon  
  160  10:37  Pylon  
  160  10:39  Shield Battery  
  160  10:43  Forge  
  160  10:44  High Templar x4  
  160  10:46  Assimilator  
  160  10:48  Assimilator  
  168  10:55  Zealot x2  
  160  11:00  Gateway, Nexus  
  160  11:03  Gateway  
  160  11:04  Pylon  
  158  11:05  Gateway  
  158  11:08  Observer  
  155  11:11  Protoss Ground Armor Level 1  
  155  11:13  Gateway  
  155  11:15  Pylon  
  155  11:16  High Templar  
  155  11:22  Observer  
  153  11:28  Zealot x5  
  153  11:32  Photon Cannon x2  
  162  11:33  Pylon  
  162  11:34  Observer  
  162  11:35  Probe x3  
  165  11:42  Photon Cannon  
  165  11:43  Photon Cannon  
  165  11:44  Shield Battery  
  165  11:46  Pylon  
  166  11:48  High Templar x2  
  166  11:49  High Templar  
  172  11:55  Observer, Photon Cannon, High Templar  
  172  11:58  Zealot x4  
  172  11:59  Shield Battery  
  182  12:01  Gravitic Boosters, Pylon  
  182  12:02  Pylon, Assimilator  
  182  12:06  Assimilator  
  178  12:16  Zealot x2  
  180  12:22  Archon  
  180  12:29  High Templar  
  166  12:30  Stalker x7  
  166  12:34  Archon  
  170  12:43  Protoss Ground Weapons Level 3  
  162  12:46  Colossus  
  162  12:49  Zealot  
  162  12:50  High Templar  
  162  12:56  Zealot x7  
  162  12:58  Robotics Facility  
  171  12:59  Archon  
  171  13:03  Protoss Ground Armor Level 2  
  171  13:04  Probe x3  
  171  13:05  Probe x2  
  164  13:11  Photon Cannon  
  164  13:16  Probe x2, Zealot x4  
  164  13:17  Observer, High Templar  
  164  13:19  High Templar  
  178  13:20  High Templar  
  178  13:21  High Templar  
  178  13:24  Photon Cannon  
  178  13:26  High Templar  
  183  13:33  High Templar  
  185  13:35  Observer  
  186  13:42  Gateway  
  186  13:43  Gateway  
  186  13:48  Zealot x4  
  168  13:53  Colossus, Observer  
  153  13:56  Archon  
  153  13:58  Colossus, Zealot x4  
  143  14:09  Zealot x4  
  133  14:11  Archon  
  133  14:16  Stalker x2  
  135  14:24  High Templar x4  
  143  14:28  Archon  
  143  14:32  Probe  
  143  14:33  Probe x2, Photon Cannon  
  143  14:34  Photon Cannon  
  143  14:35  Shield Battery, High Templar  
  143  14:36  Zealot x4  
  156  14:41  Observer  
  155  14:49  Stalker  
  155  14:50  Stalker x2  
  162  14:53  Photon Cannon  
  157  15:07  Zealot x7  
  157  15:08  Colossus x2, Zealot x2  
  167  15:19  Protoss Ground Armor Level 3  
  141  15:29  High Templar x7  
  141  15:30  Zealot x5  
  161  15:35  Archon  
  161  15:49  Probe x4  
  166  15:50  Probe, Nexus  
  166  15:51  Observer  
  166  15:52  Pylon  
  166  15:56  Observer x2  
  166  16:01  Probe  
  168  16:04  Nexus  
  168  16:07  Pylon  
  168  16:12  High Templar  
  168  16:13  High Templar x3, Zealot x3  
  168  16:14  Zealot x4  
  168  16:17  Archon  
  168  16:18  Archon  
  189  16:31  Photon Cannon  
  189  16:32  Photon Cannon  
  189  16:33  Photon Cannon  
  189  16:37  Observer x2  
  190  16:41  Zealot x5  
  198  16:59  Zealot x7  
  182  17:04  Colossus x2  
  173  17:11  High Templar  
  175  17:16  High Templar x5  
  174  17:26  Probe x5  
  174  17:29  Observer  
  175  17:33  Stalker x5  
  182  17:38  Probe x4  
  170  17:46  Nexus  
  162  17:52  High Templar  
  162  17:53  High Templar  
  162  17:54  Assimilator  
  162  17:57  Assimilator  
  160  17:58  Pylon  
  160  18:05  High Templar, Zealot x6  
  160  18:06  Zealot  
  184  18:25  Zealot x3  
  176  18:44  Zealot x9  
Tags
 
Add a new tag
Caveats
  • Supply blocks, unpowered buildings, or Contaminate may cause inaccurate times.
  • Supply counts are checked every 10 seconds.